 Dungeon Crawl Stone Soup version 0.30-a0-852-g08b95dd62f (webtiles) character file.

Game seed: 15441088105193005494

25 holysushi the Cutter (level 2, 0/24 HPs)
             Began as a Demonspawn Monk on Mar 4, 2023.
             Was a Believer of Ru.
             Slain by a gnoll
             ... wielding a +0 whip
              (5 damage)
             ... on level 2 of the Dungeon.
             The game lasted 00:01:10 (1484 turns).

holysushi the Cutter (Demonspawn Monk)              Turns: 1484, Time: 00:01:10

Health: 0/24       AC:  2    Str: 11    XL:     2   Next: 82%
Magic:  2/2        EV: 12    Int: 11    God:    Ru [**....]
Gold:   72         SH:  0    Dex: 15    Spells: 1/1 levels left

rFire   . . .      SeeInvis .    a - +0 short sword
rCold   . . .      Faith    .    (no shield)
rNeg    . . .      Spirit   .    b - +0 robe
rPois   .          Reflect  .    (helmet restricted)
rElec   .          Rampage  .    (no cloak)
rCorr   .                        (no gloves)
Will    .....                    (no boots)
Stlth   ++                       (no amulet)
HPRegen 0.24/turn                (no ring)
MPRegen 0.08/turn                (no ring)

@: no status effects
A: horns 1, inability to use devices
a: Renounce Religion


You were on level 2 of the Dungeon.
You worshipped Ru.
Ru was pleased with you.
You visited 1 branch of the dungeon, and saw 2 of its levels.

You collected 72 gold pieces.

Inventory:

Hand Weapons
 a - a +0 short sword (weapon)
Armour
 b - a +0 robe (worn)
Jewellery
 g - an amulet of faith
Scrolls
 f - a scroll of vulnerability {unknown}
Potions
 c - a potion of ambrosia
 d - 3 potions of might
 e - a potion of mutation {unknown}
 h - a potion of brilliance {unknown}
 i - 2 potions of curing {unknown}


   Skills:
 - Level 3.0 Fighting
 + Level 3.7 Short Blades
 - Level 2.6 Dodging
 - Level 1.7 Stealth


You had one spell level left.
You didn't know any spells.
Your spell library was empty.

Dungeon Overview and Level Annotations

Branches:
Dungeon (2/15) Zot: 10524

Altars:
Ru

Shops:
D:1 *


Innate Abilities, Weirdness & Mutations

You have a pair of small horns on your head.
You cannot study or use magical devices.


Message History

Unknown command.
Press < or > to pray at altars.
There is a sacrificial altar of Ru here.
Found a leather armour.
A gnoll comes into view. It is wielding a +0 whip.
The gnoll shouts!
Ru believes you are ready to make a new sacrifice.
Ru asks you to sacrifice all use of magical tools.
This is an incredible sacrifice.
Piety after sacrifice: **....
Do you really want to make this sacrifice?
You can no longer study or use magical devices.
You now exude an aura of power that intimidates your foes.
Your aura of power can now strike those that harm you.
A gnoll comes into view. It is wielding a +0 whip.
A gnoll comes into view. It is wielding a +0 club.
The gnoll shouts!
You hear a shout!
You barely miss the gnoll. The gnoll barely misses you.
You barely miss the gnoll. You headbutt the gnoll.
The gnoll is lightly wounded.
The gnoll barely misses you.
You hit the gnoll but do no damage.
The gnoll is lightly wounded.
You barely miss the gnoll.
The gnoll is lightly wounded.
The gnoll hits you with a +0 whip.
You closely miss the gnoll.
You headbutt the gnoll, but do no damage.
The gnoll is lightly wounded.
The gnoll hits you with a +0 whip!
You hit the gnoll. You headbutt the gnoll.
The gnoll is moderately wounded.
The gnoll hits you with a +0 whip.
You hit the gnoll. Your headbutt misses the gnoll.
The gnoll is heavily wounded.
The gnoll hits you with a +0 whip.
* * * LOW HITPOINT WARNING * * *
You hit the gnoll.
The gnoll is severely wounded.
The gnoll hits you with a +0 whip.
You die...

###.# #.#
#...#########.#######
.................[..#
...##########.##....#
_..# #.##.#### ...#
#.##.# ...# #.##.#
.### #.##.# ## #.##@#
# #.##g# #g# #g# #.#
... ###


You could see 3 gnolls.

Vanquished Creatures
  2 dart slugs (D:1)
  2 ball pythons
  3 endoplasms (D:2)
  2 goblins
  3 hobgoblins
  2 frilled lizards (D:1)
  3 kobolds (D:1)
  3 rats
20 creatures vanquished.

Notes
Turn   | Place    | Note
-------+----------+-------------------------------------------
     0 | D:1      | holysushi the Demonspawn Monk began the quest for the Orb.
     0 | D:1      | Reached XP level 1. HP: 18/18 MP: 1/1
   367 | D:1      | Gained mutation: You have a pair of small horns on your
                  | head. [demonic ancestry]
   367 | D:1      | Reached XP level 2. HP: 13/24 MP: 2/2
   494 | D:1      | Found Vozxeu's General Store.
   890 | D:1      | Found a faded altar of an unknown god.
  1442 | D:2      | Found a sacrificial altar of Ru.
  1449 | D:2      | Became a worshipper of Ru the Awakened
  1474 | D:2      | Gained mutation: You cannot study or use magical devices.
                  | [Ru sacrifice]
  1474 | D:2      | Reached * piety under Ru
  1474 | D:2      | Reached ** piety under Ru
  1484 | D:2      | Slain by a gnoll

Illustrated notes

Levels and vault maps discovered:
D:1:      lightli_arrival_maybe_door_vault, layout_loops_corners,
          serial_co_window_serial, co_window_of_opportunity_a,
          co_window_paths_a, co_window_of_opportunity_a, co_window_paths_a,
          co_window_of_opportunity_a, co_window_2corner, co_window_cross_2,
          co_window_corner_ca, co_window_of_opportunity_c,
          co_window_of_opportunity_b, glass_columns_b, glass_columns_b,
          glass_columns_b, glass_columns_b, serial_shops, shop,
          shapermc_ecumenical_altar_totnotflames, corner_web_ring
D:2:      layout_loops_ring, basic_altar, minmay_box_of_dots

Skill      XL: |  1 |
---------------+----+-----
Short Blades   | 3 |  3.7
Fighting       | |  3.0
Dodging        | |  2.6
Stealth        | |  1.7

Action                     || total
---------------------------++-------
  Melee: Short sword       ||    54
         Headbutt          ||     8
         Punch             ||     1
 Invoke: Sacrifice Artific ||     1
    Use: Scroll            ||     2
   Stab: Sleeping          ||     6
 Armour: Robe              ||     6
  Dodge: Dodged            ||    22

Table legend: (Time is in decaauts)
 A = Elapsed time spent in this place.
 B = Non-inter-level travel time spent in this place.
 C = Inter-level travel time spent in this place.
 D = Time resting spent in this place.
 E = Time spent auto-exploring this place.
 F = Levels seen in this place.
 G = Mean time per level.
                   A        B        C        D        E       F      G
               +--------+--------+--------+--------+--------+-----+--------+
         Total |   1475 |   1420 |     55 |      0 |   1231 |   2 |  737.5 |
       Dungeon |   1475 |   1420 |     55 |      0 |   1231 |   2 |  737.5 |
               +--------+--------+--------+--------+--------+-----+--------+

Top non-repeatable levels by time:
     D:1: 1184 daAuts
     D:2: 291 daAuts
